 Dungeon Crawl Stone Soup version 0.27.1-33-g824d729ab1 (webtiles) character file.

Game seed: 13782741477313976930

158 Zippel the Vexing (level 5, -2/25 HPs)
             Began as a Spriggan Arcane Marksman on Dec 19, 2021.
             Killed from afar by a white imp (9 damage)
             ... with a puff of frost
             ... summoned by Natasha
             ... on level 3 of the Dungeon.
             The game lasted 01:00:00 (2715 turns).

Zippel the Vexing (Spriggan Arcane Marksman)        Turns: 2715, Time: 01:00:00

Health: -2/25      AC:  2    Str:  6    XL:     5   Next: 16%
Magic:  7/10       EV: 17    Int: 15    God:
Gold:   113        SH:  0    Dex: 16    Spells: 4/10 levels left

rFire    . . .     SeeInvis +   a - +0 shortbow
rCold    . . .     Faith    .   (shield currently unavailable)
rNeg     . . .     Spirit   .   d - +0 robe
rPois    .         Reflect  .   (helmet restricted)
rElec    .         Harm     .   (no cloak)
rCorr    .         Rampage  .   (gloves unavailable)
Will     .....                  (boots unavailable)
Stlth    ++........             (no amulet)
HPRegen  0.08/turn              (no ring)
MPRegen  0.12/turn              (no ring)

@: very quick
A: very small, no large weapons, unfitting armour, see invisible, speed 3
a: no special abilities


You were on level 3 of the Dungeon.
You visited 1 branch of the dungeon, and saw 3 of its levels.

You collected 113 gold pieces.

Inventory:

Hand Weapons
 a - a +0 shortbow (weapon)
 e - a +0 short sword
Missiles
 c - 37 arrows (quivered ammo)
 g - 8 atropa-tipped darts (quivered)
 l - 5 curare-tipped darts
 m - 67 stones
 n - 20 poisoned darts
Armour
 d - a +0 robe (worn)
Jewellery
 b - an amulet of guardian spirit
Scrolls
 f - a scroll of brand weapon {unknown}
 k - a scroll of noise {unknown}
 o - a scroll of vulnerability {unknown}
 q - a scroll of identify {unknown}
 r - 3 scrolls of fog {unknown}
Potions
 h - a potion of degeneration {unknown}
 i - a potion of brilliance {unknown}
 j - a potion of flight {unknown}
 p - a potion of might {unknown}
 s - a potion of curing {unknown}


   Skills:
 + Level 1.0 Fighting
 + Level 0.1 Short Blades
 + Level 3.9 Bows
 + Level 2.8 Dodging
 * Level 2.3 Stealth
 + Level 3.0 Spellcasting
 + Level 4.8 Hexes
 * Level 0.4 Transmutations
 * Level 0.6 Poison Magic


You had 4 spell levels left.
You knew the following spells:

 Your Spells              Type           Power      Damage    Failure   Level
a - Corona                Hex            17%        N/A       2%          1
b - Slow                  Hex            16%        N/A       4%          2
c - Spider Form           Tmut/Pois      1%         N/A       43%         3

Your spell library contained the following spells:

 Spells                   Type           Power      Damage    Failure   Level
 Beastly Appendage        Tmut           6%         N/A       17%         1
 Shock                    Conj/Air       8%         1d3       21%         1
 Inner Flame              Hex/Fire       9%         N/A       22%         3
 Portal Projectile        Hex/Tloc       18%        N/A       22%         3
 Wereblood                Tmut           3%         N/A       26%         2
 Cause Fear               Hex            8%         N/A       26%         4
 Swiftness                Air            2%         N/A       52%         3
 Airstrike                Air            1%         N/A       89%         4


Dungeon Overview and Level Annotations

Branches:
Dungeon (3/15)

Altars:
Nemelex Xobeh
Wu Jian

Annotations:
D:3 Natasha


Innate Abilities, Weirdness & Mutations

You are very small and have problems with some larger weapons.
You are too small for most types of armour.
You have supernaturally acute eyesight. (SInv)
You cover ground extremely quickly. (Speed+++)


Message History

Aim: Natasha (wandering, hasn't noticed you, 53% to hit)
Okay, then.
Casting: Corona (safe; 2% risk of failure)
Confirm with . or Enter, or press ? or * to list all spells.
Aiming: Corona (safe; 2% risk of failure)
Press: ? - help, Shift-Dir - straight line, f - Natasha
Aim: Natasha (wandering, hasn't noticed you, chance to affect: 53%) Natasha struggles to resist.
Natasha mumbles some strange words.
You feel disoriented.
Casting: Corona (safe; 2% risk of failure)
Confirm with . or Enter, or press ? or * to list all spells.
Aiming: Corona (safe; 2% risk of failure)
Press: ? - help, Shift-Dir - straight line, f/p - Natasha
Aim: Natasha (chance to affect: 53%) Natasha struggles to resist.
Natasha casts a spell.
Casting: Corona (safe; 2% risk of failure)
Confirm with . or Enter, or press ? or * to list all spells.
Aiming: Corona (safe; 2% risk of failure)
Press: ? - help, Shift-Dir - straight line, f/p - Natasha
Aim: Natasha (chance to affect: 53%) Natasha is outlined in light.
The white imp gestures at you. The puff of frost misses you.
Throw: 9 darts (atropa)
Press: ? - help, Q - select action, (/) - cycle Shift-Dir - straight line, f/p - Natasha
Aim: Natasha (softly glowing, 70% to hit, chance to blind on hit: 80%)
You throw an atropa-tipped dart. The atropa-tipped dart hits Natasha.
Natasha appears confused.
The white imp gestures at you. The puff of frost hits you!
Ouch! That really hurt!
* * * LOW HITPOINT WARNING * * *
Natasha seems less confused.
The white imp grinds its teeth.
Natasha is no longer blind.
The white imp gestures at you. The puff of frost hits you!
You die...

# #..........# #.#....
##########..........# #. #.#.#.#
.........#.....h....# .# .#.#..
.........#.....5..(.###.. #.#.#.#
.........#.............#.##.#.#..
.........#..........##. ..#.#.#..
.........#............. #.#.#.###
.........###.##.#########..<.....
.........# #....@.............#
.........# ####+#########.....#
########## #.....### #.....##.
#.....##. #........ #..>.###.
#....# #. #....# #.


You could see Natasha (corona) and a white imp (summoned).

Vanquished Creatures
  Natasha (twice) (D:3)
  3 adders
  A worm (D:3)
  4 dart slugs
  5 orcs
  4 endoplasms
  3 giant cockroaches
  6 hobgoblins
  7 kobolds
  3 quokkas
  7 ball pythons
  8 bats
  7 frilled lizards
  2 goblins
  3 rats
65 creatures vanquished.

Notes
Turn   | Place    | Note
-------+----------+-------------------------------------------
     0 | D:1      | Zippel the Spriggan Arcane Marksman began the quest for the
                  | Orb.
     0 | D:1      | Reached XP level 1. HP: 9/9 MP: 3/3
   120 | D:1      | Reached skill level 4 in Hexes
   253 | D:1      | Reached skill level 1 in Fighting
   267 | D:1      | Reached XP level 2. HP: 14/14 MP: 5/5
   283 | D:1      | Learned a level 2 spell: Slow
   610 | D:1      | Reached XP level 3. HP: 15/18 MP: 2/6
  1176 | D:2      | Reached skill level 1 in Stealth
  1207 | D:2      | Found a sparkling altar of Nemelex Xobeh.
  1670 | D:2      | Reached XP level 4. HP: 21/22 MP: 4/7
  1689 | D:2      | Learned a level 3 spell: Spider Form
  2102 | D:3      | Noticed Natasha
  2196 | D:3      | Killed Natasha
  2460 | D:3      | Found an ornate altar of the Wu Jian Council.
  2638 | D:3      | Noticed Natasha
  2662 | D:3      | Killed Natasha
  2663 | D:3      | Reached XP level 5. HP: 17/25 MP: 8/10
  2705 | D:3      | Noticed Natasha
  2715 | D:3      | Killed from afar by a white imp

Illustrated notes

Levels and vault maps discovered:
D:1:      evilmike_arrival_fibonacci_small, layout_rooms, serial_corexii_hall,
          corexii_hall_statues_l, corexii_hall_statues_t
D:2:      kennysheep_big_flooded_room, layout_basic, basic_altar,
          hangedman_decor_riveting, kennysheep_generic_room_6
D:3:      layout_basic, lemuel_coloured_pillars_altar,
          shapermc_ecumenical_altar_ellora, uniq_natasha

Skill      XL: |  1  2  3  4 |
---------------+-------------+-----
Hexes          | 4 |  4.8
Fighting       | 1 |  1.0
Bows           | 3 |  3.9
Stealth        | 1 2 |  2.3
Spellcasting   | 3 |  3.0
Short Blades   | |  0.1
Dodging        | |  2.8
Transmutations | |  0.4
Poison Magic   | |  0.6

Action                   |  1- 3 |  4- 6 || total
-------------------------+-------+-------++-------
Melee: Short sword       |     5 |    12 ||    17
 Fire: Shortbow          |   120 |    41 ||   161
Throw: Dart              |       |    14 ||    14
 Cast: Corona            |    43 |    28 ||    71
       Slow              |     7 |     8 ||    15
Armor: Robe              |     1 |     3 ||     4
Dodge: Dodged            |    19 |    18 ||    37
